 Dungeon Sprint DCSS version 0.23.2-1-ga50397a (webtiles) character file.

Game seed: 2084187706538503553

0 wilfster70 the Bolt Thrower (level 1, -1/16 HPs)
             Began as a Minotaur Arcane Marksman on May 30, 2019.
             Was an Initiate of Cheibriados.
             Slain by a polar bear (2 damage)
             ... in the Dungeon (Sprint V: "Ziggurat Sprint").
             The game lasted 00:01:43 (96 turns).

wilfster70 the Bolt Thrower (MiAM)                    Turns: 96, Time: 00:01:43

Health: -1/16      AC: 17    Str: 27    XL:     1   Next: 8%
Magic:  1/1        EV:  5    Int: 11    God:    Cheibriados [......]
Gold:   0          SH:  0    Dex: 11    Spells: 1/2 levels left

rFire    + . .     SeeInvis +   a - +9 heavy crossbow "Sniper" {velocity, Acc+∞ SInv}
rCold    + . .     Gourm    .   (shield currently unavailable)
rNeg     . . .     Faith    .   v - +5 gold dragon scales
rPois    +         Spirit   .   (helmet restricted)
rElec    .         Reflect  .   (no cloak)
rCorr    .         Harm     .   (no gloves)
MR       .....     NoTele   +   (no boots)
Stlth    ..........             (no amulet)
HPRegen  0.05/turn              E - +6 ring of strength
MPRegen  0.07/turn              F - +6 ring of strength

@: very slow
A: retaliatory headbutt, horns 2
a: Bend Time, Renounce Religion


You were in the Dungeon.
You worshipped Cheibriados.
Cheibriados was noncommittal.
You were not hungry.

You visited 1 branch

Inventory:

Hand Weapons
 a - the +9 heavy crossbow "Sniper" (weapon) {velocity, Acc+∞ SInv}
   (You found it in the Dungeon)

   Any bolt fired from it inflicts extra damage.
   It lets you see invisible.
Missiles
 d - 1019 bolts (quivered)
Armour
 l - a +0 robe
 v - +5 gold dragon scales (worn)
Jewellery
 E - a +6 ring of strength (left hand)
 F - a +6 ring of strength (right hand)
Wands
 x - a wand of disintegration (7)
 y - a wand of iceblast (7)
 z - a wand of acid (7)
Scrolls
 k - 4 scrolls of blinking
 p - 4 scrolls of amnesia
 q - 7 scrolls of fog
 r - a scroll of holy word
 s - 5 scrolls of identify
 t - 5 scrolls of remove curse
 u - 2 scrolls of fear
Potions
 b - 2 potions of invisibility
 c - 4 potions of resistance
 e - 10 potions of curing
 g - 10 potions of heal wounds
 h - 6 potions of haste
 i - 7 potions of magic
 j - 3 potions of berserk rage
 m - a potion of experience
 n - 5 potions of agility
 o - 5 potions of might
 w - 2 potions of brilliance
Comestibles
 f - 7 rations


   Skills:
 + Level 1.4 Fighting
 * Level 2.4 Crossbows
 + Level 2.3 Dodging
 - Level 1.0 Spellcasting
 - Level 2.0 Hexes
 + Level 0.3 Invocations
 + Level 0.2 Evocations


You had one spell level left.
You knew the following spells:

 Your Spells              Type           Power        Failure   Level  Hunger
a - Corona                Hex            #......      100%        1    ##.....

Your spell library contained the following spells:

 Spells                   Type           Power        Failure   Level  Hunger
 Slow                     Hex            #.......     100%        2    ###....
 Inner Flame              Hex/Fire       #.......     100%        3    ####...
 Portal Projectile        Hex/Tloc       #.....       100%        3    ####...
 Cause Fear               Hex            #.........   100%        4    #####..
 Leda's Liquefaction      Hex/Erth       #.........   100%        4    #####..


Dungeon Overview and Level Annotations

Branches:
Dungeon (1/1)

Altars:
Ashenzari
Cheibriados
Dithmenos
Elyvilon
Fedhas
Gozag
Hepliaklqana
Kikubaaqudgha
Makhleb
Nemelex Xobeh
Okawaru
Qazlal
Ru
Sif Muna
Trog
Uskayaw
Vehumet
Wu Jian
Xom
Yredelemnul
Zin
The Shining One
Beogh
Jiyva
Lugonu

Annotations:
D 1 transporter


Innate Abilities, Weirdness & Mutations

You reflexively headbutt those who attack you in melee.
You have a pair of horns on your head.


Message History

The bat simulacrum barely misses you. You furiously retaliate!
You headbutt the bat simulacrum!
The bat simulacrum vapourises!
Cheibriados thoroughly appreciates the change of pace.
Firing (i - inventory)
d - 1020 bolts (quivered)
Press: ? - help, Shift-Dir - straight line, f - polar bear
Aim: a polar bear You shoot a bolt.
The bolt hits the polar bear!!
The polar bear is severely wounded.
The polar bear bites you!
Ouch! That really hurt!
The polar bear claws you but does no damage. x2
The polar bear bites you but does no damage.
The polar bear barely misses you.
The polar bear claws you but does no damage.
The polar bear bites you.
* * * LOW HITPOINT WARNING * * *
The polar bear claws you but does no damage.
The polar bear claws you.
You die...

▓▓▓▓▓▓▓
▓.8©8.▓
▓.....▓
▓.|.[.▓
▓..h..▓
▓.@°..▓
▓..©..▓
▓▓▓▓▓▓▓


You could see a polar bear.

Vanquished Creatures
  A bat simulacrum (D)
1 creature vanquished.

Notes
Turn   | Place    | Note
-------+----------+-------------------------------------------
     0 | D        | Found the +6 Majin-Bo {vamp, Archmagi MP+6 Int+6}
     0 | D        | Found the +7 great mace "Firestarter" {inner flame, rF++}
     0 | D        | wilfster70 the Minotaur Arcane Marksman began the quest for
                  | the Orb.
     0 | D        | Reached XP level 1. HP: 16/16 MP: 1/1
     0 | D        | Found a deep blue altar of Sif Muna.
     0 | D        | Found a bloodstained altar of Trog.
     0 | D        | Found a sacrificial altar of Ru.
     0 | D        | Found a stormy altar of Qazlal.
     0 | D        | Found an iron altar of Okawaru.
     2 | D        | Found a sparkling altar of Nemelex Xobeh.
     2 | D        | Found a blossoming altar of Fedhas.
     4 | D        | Found a transporter.
     4 | D        | Found an ancient bone altar of Kikubaaqudgha.
     4 | D        | Found a viscous altar of Jiyva.
     4 | D        | Found a corrupted altar of Lugonu.
     4 | D        | Found a hazy altar of Hepliaklqana.
     4 | D        | Found a burning altar of Makhleb.
     4 | D        | Found an opulent altar of Gozag.
    32 | D        | Found the +9 heavy crossbow "Sniper" {velocity, Acc+∞ SInv}
    32 | D        | Found the +10 dark maul {crush}
    32 | D        | Found the +15 Maxwell's patent armour {-Cast -Tele rElec
                  | MR+ rCorr}
    32 | D        | Found the +18 shield of the Gong {rElec rN+ MR+ EV-5}
    32 | D        | Found the cursed +14 obsidian axe {chop, +Fly SInv *Curse}
    62 | D        | Became a worshipper of Cheibriados the Contemplative
    90 | D        | Found the +6 shillelagh "Devastator" {shatter}
    90 | D        | Found the +11 plutonium sword {*Contam Stlth-}
    90 | D        | Found the +8 lance "Wyrmbane" {slay drac, rPois rF+ rC+
                  | AC+3}
    90 | D        | Found the +9 sword of Zonguldrok {reap}
    90 | D        | Found the cursed +13 scythe of Curses {drain, *Curse}
    90 | D        | Found the +0 sword of Power
    90 | D        | Found the +7 mace of Variability {chain chaos}
    90 | D        | Found the +7 Singing Sword {slice, sonic wave}
    90 | D        | Found the +7 longbow "Piercer" {penet, EV-2}
    94 | D        | Entered arena 2.
    94 | D        | Noticed a polar bear
    94 | D        | Found a transporter.
    96 | D        | Slain by a polar bear

Action                   || total
-------------------------++-------
 Fire: Heavy crossbow    ||     1
Armor: Gold dragon scale ||    10
Dodge: Dodged            ||     3
